 Dungeon Crawl Stone Soup version 0.27-a0-1202-ge72e49191c (webtiles) character file.

Game seed: 2933152620165609301

640006 freelancePsychic the Skullcrusher (level 27, -5/199 HPs)
             Began as a Gargoyle Berserker on June 3, 2021.
             Was a High Priest of Trog.
             Slain by a seraph
             ... wielding a +8 great sword of flaming
              (50 damage)
             ... on level 5 of the Realm of Zot on June 4, 2021.
             The game lasted 02:31:11 (68257 turns).

freelancePsychic the Skullcrusher (GrBe)           Turns: 68257, Time: 02:31:12

Health: -5/199     AC: 66    Str: 25    XL:     27
Magic:  23/23      EV: 17    Int:  8    God:    Trog [*****.]
Gold:   2454       SH:  0    Dex: 16    Spells: 26/26 levels left

rFire    + + .     SeeInvis .   b - +7 lajatang of Order {silver, rMut}
rCold    + . .     Faith    +   (shield currently unavailable)
rNeg     + + +     Spirit   .   X - +10 plate armour "Xaden" {-Cast rN+ Stlth+}
rPois    ∞         Reflect  .   s - +2 helmet {Int+3}
rElec    +         Harm     .   q - +0 cloak of Mijycih {rF++ rC+ rN+ Int-3 Stlth+}
rCorr    .         Rampage  +   g - +0 pair of gloves {Stlth+}
rMut     +         NoCast   +   t - +2 pair of boots {rampage}
Will     ++...                  R - amulet of Odecixt {Faith +Blink Regen+}
Stlth    ..........             G - +4 ring of slaying
HPRegen  1.43/turn              M - +4 ring of slaying
MPRegen  0.18/turn

@: mighty, on berserk cooldown, flying, heavily contaminated, hasted and slowed,
glowing, studying Shields
A: sickness immunity, AC +20, big wings, negative energy resistance 1,
electricity resistance, torment resistance 1, petrification resistance,
iridescent scales 2, agile 1, dopey 1, weak 1
0: Orb of Zot
}: 3/15 runes: barnacled, abyssal, gossamer
a: Renounce Religion, Evoke Blink, Berserk, Trog's Hand, Brothers in Arms


You were on level 5 of the Realm of Zot.
You worshipped Trog.
Trog was extremely pleased with you.
You visited 9 branches of the dungeon, and saw 48 of its levels.
You visited the Abyss 1 time.
You visited 1 bazaar.
You also visited: Desolation.

You collected 5986 gold pieces.
You spent 3532 gold pieces at shops.

Inventory:

Hand Weapons
 a - a +9 great mace of flaming
 b - the +7 lajatang of Order (weapon) {silver, rMut}
   (You found it on level 3 of the Elven Halls)

   It protects you from mutation.
 f - the +12 morningstar of Johoroot {vorpal, +Rage rC+ Will+ Dex+4}
   (Trog gifted it to you on level 3 of the Abyss)

   It inflicts extra damage upon your enemies.
   It affects your dexterity (+4).
   It protects you from cold.
   It lets you go berserk.
   It increases your willpower.
 k - a +6 great mace of holy wrath
Missiles
 y - 1338 bolts
Armour
 g - a +0 pair of gloves of stealth (worn)
 l - a +2 cloak
 q - the +0 cloak of Mijycih (worn) {rF++ rC+ rN+ Int-3 Stlth+}
   (You bought it in a shop on level 1 of the Vaults)

   It affects your intelligence (-3).
   It greatly protects you from fire.
   It protects you from cold.
   It protects you from negative energy.
   It makes you more stealthy.
 s - a +2 helmet of intelligence (worn)
 t - a +2 pair of boots of rampaging (worn)
 X - the +10 plate armour "Xaden" (worn) {-Cast rN+ Stlth+}
   (You found it on level 1 of the Lair of Beasts)

   It protects you from negative energy.
   It prevents spellcasting.
   It makes you more stealthy.
Jewellery
 A - the ring "Oqueduj" {rF++ Will+ Str-4 Dex+4}
   (You acquired it on level 15 of the Dungeon)

   [ring of willpower]

   It affects your strength (-4).
   It affects your dexterity (+4).
   It greatly protects you from fire.
   It increases your willpower.
 E - a ring of protection from cold
 F - a ring of see invisible
 G - a +4 ring of slaying (left hand)
 K - the amulet of Dawn {Acrobat *Slow Fly rPois rC++}
   (You acquired it on level 1 of the Spider Nest)

   [amulet of the acrobat]

   It increases your evasion while moving and waiting.
   It greatly protects you from cold.
   It protects you from poison.
   It grants you flight.
   It may slow you when you take damage.
 M - a +4 ring of slaying (right hand)
 R - the amulet of Odecixt (around neck) {Faith +Blink Regen+}
   (You acquired it on level 1 of the Elven Halls)

   [amulet of faith]

   It allows you to gain divine favour quickly.
   It lets you blink.
   It increases your rate of health regeneration.
 Z - a ring of magical power
Wands
 p - a wand of acid (35)
 u - a wand of digging (22)
 C - a wand of iceblast (56)
 O - a wand of polymorph (31)
 P - a wand of paralysis (61)
 S - a wand of mindburst (113)
 T - a wand of flame (48)
 U - a wand of charming (29)
Scrolls
 o - 14 scrolls of teleportation {@r4}
 v - 6 scrolls of magic mapping
 z - 3 scrolls of brand weapon
 B - 7 scrolls of fear
 D - 4 scrolls of enchant armour
 I - 4 scrolls of holy word
 N - 6 scrolls of immolation
Potions
 c - 8 potions of flight
 e - 6 potions of haste {@q3}
 h - 14 potions of lignification
 i - 12 potions of degeneration
 j - 4 potions of magic
 m - 8 potions of brilliance
 w - 5 potions of mutation
 x - 6 potions of cancellation
 H - 5 potions of invisibility
 J - 26 potions of curing {@q1}
 L - 9 potions of might
 Q - 9 potions of attraction
 V - 5 potions of ambrosia
 W - 4 potions of berserk rage
Miscellaneous
 n - a lightning rod (4/4)
 Y - a condenser vane


   Skills:
 O Level 27 Fighting
 O Level 27 Maces & Flails
 - Level 8.8 Crossbows
 + Level 22.1 Armour
 + Level 18.4 Dodging
 - Level 11.1 Evocations


You had 26 spell levels left.
You didn't know any spells.
Your spell library was empty.

Dungeon Overview and Level Annotations

Branches:
Dungeon (15/15)            Temple (0/1) D:7            Lair (6/6) D:11
 Shoals (4/4) Lair:4       Spider (4/4) Lair:2        Slime (0/5) Lair:6
    Orc (2/2) D:11            Elf (3/3) Orc:2        Vaults (4/5) D:14
  Crypt (0/3) Vaults:2     Depths (5/5) D:15            Zot (5/5) Depths:5
Desolation (visited)

Altars:
Fedhas
Gozag
Hepliaklqana
Kikubaaqudgha
Makhleb
Okawaru
Qazlal
Ru
Sif Muna
Vehumet
Wu Jian
The Shining One
Jiyva

Shops:
D:1 =   D:4 (   D:5 *   D:13 [   Orc:1 ?[   Orc:2 (?((   Elf:1 =[=*(
Elf:3 *:(   Shoals:1 =   Vaults:1 *[[**   Vaults:2 !   Depths:1 [*=[
Depths:2 (

Portals:
Hell: Depths:1 Depths:2 Depths:3 Depths:4 Depths:5
Abyss: Depths:2 Depths:4
Pandemonium: Depths:3 Depths:5
Ziggurat: Depths:2

Annotations:
Lair:1 1 runed translucent door, Ovvef's ghost, journeyman GnFi
Spider:4 Roxanne


Innate Abilities, Weirdness & Mutations

You are immune to sickness and miasma.
Your stone body is resilient. (AC +20)
You are immune to poison.
Your large and strong wings let you fly.
You resist negative energy. (rN+)
You are resistant to electric shocks. (rElec)
You are resistant to unholy torment.
You are immune to petrification.
You are mostly covered in iridescent scales. (AC +4)
You are agile. (Dex +2)
You are dopey. (Int -2)
You are weak. (Str -2)


Message History

The cherub dissolves into sparkling lights! x2
The angel dissolves into sparkling lights! x2
The angel hits you with a +3 sacred scourge of holy wrath!
The angel hits you but does no damage. x3; The seraph closely misses you.
The seraph hits you but does no damage.
The cherub sings a powerful hymn!
The angels go into a battle-frenzy!
The cherub sings a powerful hymn!
The cherub goes into a battle-frenzy!
Your iron troll goes berserk!
The angel hits you with a +3 sacred scourge of holy wrath!!
The angel hits you but does no damage. The angel misses you.
The angel hits you but does no damage.
The seraph gestures.
The seraph begins to accept its allies' injuries.
The angel misses you.
The angel hits you with a +3 sacred scourge of holy wrath!!
The angel hits you but does no damage. x2
The seraph hits your iron troll with a +8 great sword of flaming!!
The seraph burns your iron troll.
The seraph hits your iron troll with a +8 great sword of flaming!
The seraph burns your iron troll.
You slash the seraph!
The seraph is lightly wounded.
The angel hits you with a +3 sacred scourge of holy wrath!!
The angel misses you.
The seraph hits your iron troll with a +8 great sword of flaming!!!!
The seraph burns your iron troll.
Your iron troll dies!
Your iron troll's corpse disappears in a puff of smoke!
The angel hits you but does no damage.
The angel hits you with a +3 whip of holy wrath!
You closely miss the seraph.
The seraph is lightly wounded.
The angel hits you with a +3 sacred scourge of holy wrath!!
* * * LOW HITPOINT WARNING * * *
The angel hits you but does no damage. The angel misses you.
The angel hits you but does no damage.
The seraph hits you with a +8 great sword of flaming!!!
You die...

▓......................▓.).......
.......................▓▓.^......
..............)........▓▓▓.....[.
.........).............# ▓▓▓▓▓▓▓▓
......................##
▓.........|.^.......▓##
▓▓......[^.......▓▓▓▓
▓▓^....##▓▓▓▓▓▓▓▓▓▓▓#
##............AA@§...###
#.............AAA##....##
................A.###...#########
...................###...........
...................# ##..........
................^..# #..........
.................^.# ##.........
...................# #.........
.^^................# ##..[....^.


You could see a seraph (strong), 2 angels and 3 cherubim.

Vanquished Creatures
  2 dread liches (Zot:5)
  5 orbs of fire
  4 ancient liches (Zot:5)
  2 juggernauts
  Sojobo (Depths:5)
  Bai Suzhen (Spider:4)
  7 Killer Klowns
  2 curse toes (Zot:3)
  2 caustic shrikes (Depths:3)
  Xtahua (Depths:3)
  the Enchantress (Depths:2)
  9 golden dragons
  Nikola (Spider:1)
  4 electric golems
  11 tentacled monstrosities
  25 Orb Guardians
  A titan (Depths:3)
  6 quicksilver dragons
  2 liches
  A deep elf blademaster (Elf:3)
  3 krakens
  9 tentacled starspawn
  11 death cobs
  2 sphinxes (Vaults:3)
  The ghost of haplo13 the Warrior, an adept MiFi of the Shining One (Shoals:4)
  4 tengu reavers
  The ghost of cobaltphoenix the Thaumaturge, an adept DrVM of Sif Muna (Shoals:3)
  4 draconian monks
  10 storm dragons
  7 shadow dragons
  3 fire giants
  Louise (Spider:2)
  5 orc warlords
  7 draconian knights
  2 emperor scorpions (Spider:4)
  8 frost giants
  5 deep elf sorcerers (Elf:3)
  3 draconian scorchers
  4 ghost moths
  2 iron dragons (Depths:4)
  2 balrugs
  9 draconian shifters
  11 vault wardens
  3 draconian stormcallers
  2 imperial myrmidons (Desolation)
  A reaper (Abyss:3)
  Aizul (Spider:2)
  The ghost of Quebbil the Bludgeoner, a journeyman GrFi of Okawaru (Spider:4)
  A deep elf elementalist (Elf:3)
  10 spriggan defenders
  14 ironbound preservers
  A caustic shrike skeleton (Depths:3)
  8 draconian annihilators
  16 very ugly things
  5 war gargoyles
  Nessos (D:12)
  5 deep elf demonologists (Elf:3)
  A juggernaut skeleton (Depths:1)
  19 stone giants
  11 green draconians
  6 vampire knights
  18 yellow draconians
  14 black draconians
  2 halazid warlocks (Desolation)
  10 starcursed masses (Abyss:3)
  2 entropy weavers
  9 deep elf annihilators
  3 dire elephants
  14 white draconians
  18 purple draconians
  11 red draconians
  8 deep elf death magi
  A fire dragon (shapeshifter) (Depths:4)
  2 spark wasps
  2 merfolk javelineers (Shoals:4)
  10 ettins
  6 merfolk impalers
  Josephine (Spider:1)
  4 crystal guardians
  6 fire dragons
  4 deep elf high priests
  12 yaktaur captains
  6 vault guards
  9 great orbs of eyes
  Erolcha (Orc:1)
  5 ragged hierophants (Desolation)
  A salamander tyrant (Depths:1)
  Harold (D:9)
  5 ice dragons
  8 rakshasas
  5 boulder beetles
  14 peacekeepers
  4 ironbound frosthearts
  10 ironbound thunderhulks
  An alligator snapping turtle (Shoals:4)
  7 servants of whispers (Desolation)
  5 spriggan air magi
  9 hydras
  10 centaur warriors
  2 ogre magi (D:15)
  6 merfolk avatars
  3 deep troll shamans
  12 two-headed ogres
  27 dancing weapons
  4 merfolk aquamancers
  8 death yaks
  A tengu warrior (Depths:2)
  A hell hog (Depths:4)
  2 satyrs (Shoals:4)
  6 deep troll earth magi
  2 ironbound beastmasters
  4 spriggan berserkers
  5 orc high priests
  Sonja (Lair:2)
  8 thrashing horrors
  2 soul eaters
  A sun demon (Depths:2)
  18 deep elf knights
  3 wretched stars
  3 spatial maelstroms
  A spectral emperor scorpion (Spider:4)
  8 iron trolls
  A spectral ghost moth (Spider:4)
  A salamander mystic (Depths:3)
  A flayed ghost (Depths:1)
  2 orange crystal statues (Abyss:3)
  A gelid demonspawn (Depths:3)
  17 sea snakes
  42 deep trolls
  9 deep elf archers
  9 glowing orange brains
  10 skeletal warriors
  14 ironbound convokers
  A shadow dragon zombie (Depths:3)
  19 orc knights
  A shadow dragon skeleton (Abyss:2)
  3 necromancers
  6 wizards
  2 lindwurms
  19 harpies
  An obsidian statue (D:14)
  A phantasmal warrior (Vaults:3)
  A lindwurm (shapeshifter) (Depths:3)
  29 deep elf pyromancers
  A mana viper (Abyss:3)
  A shining eye (shapeshifter) (Elf:3)
  56 ugly things
  30 deep elf zephyrmancers
  23 wolf spiders
  11 orb spiders
  7 orc sorcerers
  8 fauns
  2 worldbinders (Abyss:1)
  6 salamanders
  A fire giant skeleton (Abyss:1)
  4 cyclopes
  16 manticores
  9 merfolk sirens
  31 moths of wrath
  2 rust devils
  9 vault sentinels
  5 black mambas
  A torpor snail (shapeshifter) (Depths:4)
  2 apocalypse crabs (Abyss:3)
  3 molten gargoyles
  3 eyes of devastation
  2 orange demons (Abyss:2)
  4 water nymphs
  A black mamba (shapeshifter) (Elf:1)
  4 smoke demons
  A gargoyle (D:5)
  7 cane toads
  2 guardian serpents (Desolation)
  29 yaktaurs
  2 hellions
  A spectral redback (Spider:4)
  An unseen horror (Abyss:3)
  14 demonic crawlers
  3 efreet
  A kobold demonologist (D:11)
  A spectral sea snake (Shoals:3)
  11 komodo dragons
  Psyche (D:8)
  5 rime drakes
  3 freezing wraiths
  An ice devil (Depths:3)
  3 tengu conjurers
  A spectral harpy (Shoals:3)
  An elf skeleton (Depths:3)
  6 ancient zymes
  A queen bee (shapeshifter) (Abyss:3)
  A hydra zombie (Abyss:1)
  12 jumping spiders
  A red devil (Depths:3)
  8 trolls
  5 polar bears (Lair:6)
  27 merfolk
  20 large abominations
  20 hornets
  A jumping spider (shapeshifter) (Depths:3)
  56 saltlings
  A hydra skeleton (Abyss:3)
  4 wind drakes
  A raiju (shapeshifter) (Vaults:3)
  6 raiju (Abyss:2)
  58 slime creatures
  A spectral tarantella (Spider:4)
  15 dream sheep
  16 blink frogs
  A slime creature (shapeshifter) (D:15)
  19 snapping turtles
  19 tarantellas
  56 redbacks
  An ice dragon skeleton (Abyss:2)
  A deep troll skeleton (Depths:1)
  2 air elementals (Elf:3)
  3 flying skulls (Abyss:3)
  A spectral wind drake (Shoals:3)
  A spriggan skeleton (Depths:1)
  20 spriggans
  A vampire (Abyss:2)
  A ynoxinul (Abyss:1)
  5 shadows
  Sigmund (D:4)
  A spriggan (shapeshifter) (D:15)
  7 wraiths
  4 fire bats (Depths:3)
  29 yaks
  A fire dragon skeleton (Depths:1)
  A yak (shapeshifter) (D:14)
  4 fire elementals
  A basilisk (shapeshifter) (D:13)
  22 water elementals
  3 basilisks
  5 neqoxecs
  2 wyverns
  Grum (D:8)
  2 chaos spawn (Abyss:3)
  4 golden eyes
  An emperor scorpion simulacrum (Spider:4)
  Edmund (D:4)
  6 wargs
  An acid dragon (D:9)
  2 sea snake simulacra (Shoals:3)
  10 spatial vortices
  A spectral orb spider (Spider:4)
  4 floating eyes
  16 water moccasins
  3 black bears
  A tarantella simulacrum (Spider:4)
  32 orc warriors
  12 ogres
  3 necrophages
  21 wolves
  5 boggarts (Lair:6)
  A fire dragon simulacrum (Depths:1)
  6 centaurs
  A wind drake simulacrum (Shoals:3)
  3 kobold brigands
  20 bullfrogs
  2 earth elementals
  3 elf zombies (Elf:1)
  2 merfolk simulacra (Shoals:3)
  4 scorpions
  A water moccasin zombie (D:6)
  2 orb spider simulacra (Spider:4)
  10 small abominations
  6 killer bees (D:7)
  A troll zombie (D:11)
  2 electric eels
  5 howler monkeys
  3 wights (D:9)
  2 torpor snail simulacra (Spider:4)
  4 centaur zombies
  5 lava snakes (Lair:5)
  2 hounds
  3 quasits
  3 jellies
  2 bullfrog skeletons
  23 orc priests
  A centaur skeleton (D:4)
  A gnoll shaman (D:5)
  2 iron imps
  12 human skeletons (Vaults:1)
  2 iguanas
  24 orc wizards
  A killer bee zombie (D:7)
  5 ogre zombies (D:11)
  A centaur simulacrum (Shoals:3)
  A howler monkey zombie (D:7)
  5 gnolls
  7 adders
  2 shadow imps
  4 white imps
  5 ufetubi
  2 worms
  2 dart slugs (D:3)
  70 orcs
  12 ball pythons
  7 endoplasms
  A giant cockroach (D:2)
  5 goblins
  5 hobgoblins
  6 jackals
  3 quokkas
  4 bats
  A frilled lizard (D:1)
  2 goblin zombies (D:11)
  4 hobgoblin zombies (D:11)
  14 kobolds
  4 orc skeletons (D:11)
  9 orc zombies (D:11)
  9 rats
  10 starspawn tentacles
  7 tentacles
2178 creatures vanquished.

Vanquished Creatures (collateral kills)
  An ancient lich (Zot:5)
  Jorgrun (Spider:2)
  A lich (Depths:3)
  An Orb Guardian (Zot:5)
  A deep elf blademaster (Elf:3)
  2 deep elf master archers (Elf:3)
  A tengu reaver (Vaults:3)
  A draconian scorcher (Zot:2)
  2 orc warlords
  An imperial myrmidon (Desolation)
  An emperor scorpion (Spider:4)
  A ghost moth (Spider:4)
  2 spriggan defenders (Depths:2)
  A very ugly thing (Vaults:1)
  An ironbound preserver (Vaults:1)
  4 deep elf demonologists (Elf:3)
  2 deep elf death magi (Elf:3)
  A crystal guardian (Desolation)
  2 servants of whispers (Desolation)
  A hydra (Lair:6)
  A boulder beetle (Lair:6)
  A merfolk avatar (Shoals:4)
  2 merfolk aquamancers (Shoals:4)
  A spriggan air mage (Depths:2)
  4 two-headed ogres
  A death yak (Lair:6)
  A dancing weapon (Elf:2)
  An orc high priest (Orc:2)
  A sea snake (Shoals:4)
  6 deep trolls
  A wizard (Vaults:3)
  A deep elf archer (Spider:3)
  3 orc knights
  An obsidian statue (D:14)
  A necromancer (Depths:3)
  4 ugly things (D:15)
  3 orb spiders (Spider:4)
  2 wolf spiders
  2 cyclopes (D:15)
  4 manticores
  An iron dragon skeleton (Depths:3)
  A merfolk siren (Shoals:4)
  A demonic crawler (Spider:2)
  3 yaktaurs
  A merfolk (Shoals:3)
  2 wind drakes (Shoals:4)
  3 jumping spiders (Spider:4)
  3 hornets
  12 saltlings (Desolation)
  A raiju (Spider:3)
  3 blink frogs (Lair:6)
  3 slime creatures
  2 spriggans
  6 redbacks
  A water elemental (Shoals:3)
  A tarantella (Spider:4)
  A water moccasin (Lair:6)
  8 orc warriors
  A black bear (Lair:6)
  3 ogres
  3 wolves (Lair:6)
  2 orc priests
  An orc wizard (Orc:2)
  9 orcs
141 creatures vanquished.

Vanquished Creatures (others)
  A draconian knight (Zot:1)
  A deep elf elementalist (Elf:3)
  2 deep elf knights
  A molten gargoyle (Desolation)
  A tengu conjurer (D:13)
  A saltling (Desolation)
  A slime creature (D:12)
  An orc wizard (Orc:1)
  An orc (Orc:1)
  9 ball lightnings (Elf:3)
  A bush (Lair:6)
  A fire vortex (Depths:3)
  38 fungi
  86 plants
  12 starspawn tentacles
  11 tentacles
168 creatures vanquished.

Grand Total: 2487 creatures vanquished

Notes
Turn   | Place    | Note
-------+----------+-------------------------------------------
     0 | D:1      | freelancePsychic the Gargoyle Berserker began the quest for
                  | the Orb.
     0 | D:1      | Reached XP level 1. HP: 14/14 MP: 1/1
   125 | D:1      | Found Borois's Jewellery Shop.
   346 | D:1      | Reached XP level 2. HP: 19/19 MP: 2/2
   739 | D:1      | Found a sacrificial altar of Ru.
  1209 | D:2      | Reached XP level 3. HP: 23/23 MP: 3/3
  1215 | D:2      | Reached ** piety under Trog
  2104 | D:3      | Reached XP level 4. HP: 28/29 MP: 4/4
  2312 | D:3      | Found a shimmering blue altar of Sif Muna.
  2800 | D:3      | Reached XP level 5. HP: 33/33 MP: 5/5
  2914 | D:3      | Found a faded altar of an unknown god.
  3081 | D:4      | Noticed a necrophage
  3089 | D:4      | Killed a necrophage
  3162 | D:4      | Reached skill level 5 in Maces & Flails
  3168 | D:4      | Noticed a kobold brigand
  3171 | D:4      | Reached XP level 6. HP: 36/39 MP: 6/6
  3227 | D:4      | Noticed a necrophage
  3239 | D:4      | Killed a necrophage
  3240 | D:4      | Reached skill level 5 in Fighting
  3348 | D:4      | Reached XP level 7. HP: 36/44 MP: 7/7
  3622 | D:4      | Found a radiant altar of Vehumet.
  3636 | D:4      | Reached *** piety under Trog
  3689 | D:4      | Found a glowing golden altar of the Shining One.
  3693 | D:4      | Found a stormy altar of Qazlal.
  3915 | D:4      | Found Zinkug's Antique Weapon Boutique.
  3938 | D:4      | Found an iron altar of Okawaru.
  4115 | D:4      | Noticed Sigmund
  4127 | D:4      | Killed Sigmund
  4128 | D:4      | Reached skill level 5 in Armour
  4170 | D:4      | Noticed Edmund
  4184 | D:4      | Killed Edmund
  4185 | D:4      | Reached XP level 8. HP: 50/51 MP: 8/8
  4341 | D:5      | Entered Level 5 of the Dungeon
  5056 | D:5      | Found Fenergh's General Store.
  5823 | D:6      | Noticed a gargoyle
  5925 | D:5      | Killed a gargoyle
  6140 | D:6      | Reached XP level 9. HP: 56/57 MP: 9/9
  6441 | D:7      | Found a staircase to the Ecumenical Temple.
  6698 | D:7      | Reached **** piety under Trog
  6769 | D:7      | Reached skill level 10 in Maces & Flails
  7310 | D:7      | Identified a scroll of acquirement
  7311 | D:7      | Acquired a manual of Dodging
  7364 | D:8      | Noticed a hornet
  7375 | D:8      | Killed a hornet
  7380 | D:8      | Reached XP level 10. HP: 64/64 MP: 10/10
  7415 | D:8      | Noticed Psyche
  7418 | D:8      | Killed Psyche
  7542 | D:8      | Noticed Grum
  7650 | D:8      | Killed Grum
  8284 | D:9      | Found an ancient bone altar of Kikubaaqudgha.
  8380 | D:9      | Noticed a deep elf pyromancer
  8397 | D:9      | Killed a deep elf pyromancer
  8767 | D:9      | Noticed Harold
  8773 | D:9      | Killed Harold
  8774 | D:9      | Reached skill level 5 in Dodging
  8948 | D:9      | Reached XP level 11. HP: 67/71 MP: 11/11
  9430 | D:10     | Entered Level 10 of the Dungeon
  9430 | D:10     | Noticed a two-headed ogre
  9435 | D:10     | Killed a two-headed ogre
  9912 | D:10     | Noticed a two-headed ogre
  9924 | D:10     | Killed a two-headed ogre
  9925 | D:10     | Reached skill level 10 in Fighting
 10890 | D:11     | Noticed an orc knight
 10924 | D:11     | Killed an orc knight
 11048 | D:11     | Noticed a two-headed ogre
 11059 | D:11     | Killed a two-headed ogre
 11203 | D:11     | Found a staircase to the Orcish Mines.
 11230 | D:11     | Noticed a two-headed ogre
 11234 | D:11     | Killed a two-headed ogre
 11386 | D:11     | Reached ***** piety under Trog
 11460 | D:11     | Found a staircase to the Lair.
 12040 | Lair:1   | Entered Level 1 of the Lair of Beasts
 12052 | Lair:1   | Found a runed translucent door.
 12052 | Lair:1   | Noticed Ovvef's ghost (journeyman GnFi)
 12111 | Lair:1   | Reached XP level 12. HP: 67/77 MP: 12/12
 12511 | Lair:1   | Identified the +10 plate armour "Xaden" {-Cast rN+ Stlth+}
 12941 | Lair:2   | Noticed Sonja
 12951 | Lair:2   | Killed Sonja
 13087 | Lair:2   | Noticed an eight-headed hydra
 13096 | Lair:2   | Killed an eight-headed hydra
 13112 | Lair:2   | Noticed a five-headed hydra
 13129 | Lair:2   | Killed a five-headed hydra
 13130 | Lair:2   | Reached skill level 10 in Dodging
 13746 | Lair:2   | Found a hole to the Spider Nest.
 14566 | Lair:3   | Noticed a five-headed hydra
 14568 | Lair:3   | Noticed a death yak
 14575 | Lair:3   | Noticed a death yak
 14577 | Lair:3   | Noticed a death yak
 14590 | Lair:3   | Killed a five-headed hydra
 14594 | Lair:3   | Killed a death yak
 14603 | Lair:3   | Killed a death yak
 14609 | Lair:3   | Killed a death yak
 15029 | Lair:4   | Reached XP level 13. HP: 65/84 MP: 13/13
 15329 | Lair:4   | Found a staircase to the Shoals.
 15428 | Lair:4   | Reached skill level 10 in Armour
 17186 | Lair:6   | Entered Level 6 of the Lair of Beasts
 17359 | Lair:6   | Received a gift from Trog
 17889 | Lair:6   | Gained mutation: Your large and strong wings let you fly.
                  | [Gargoyle growth]
 17889 | Lair:6   | Reached XP level 14. HP: 94/94 MP: 14/14
 17894 | Lair:6   | Reached skill level 1 in Evocations
 17958 | Lair:6   | Found a staircase to the Slime Pits.
 17959 | Lair:6   | Found a viscous altar of Jiyva.
 18616 | Lair:6   | Received a gift from Trog
 19611 | Orc:1    | Entered Level 1 of the Orcish Mines
 19634 | Orc:1    | Noticed Erolcha
 19756 | Orc:1    | You are sucked into a shaft and drop 1 floor!
 19756 | Orc:2    | Entered Level 2 of the Orcish Mines
 19876 | Orc:1    | Killed Erolcha
 20212 | Orc:2    | Found a staircase to the Elven Halls.
 20556 | Orc:2    | Reached skill level 5 in Evocations
 20559 | Orc:2    | Noticed an orc warlord
 20588 | Orc:1    | Found Laastyfa's Antique Armour Shop.
 20801 | Orc:1    | Found Poagow's Magic Scroll Shoppe.
 20892 | Orc:1    | Killed an orc warlord
 21093 | Orc:2    | Received a gift from Trog
 21519 | Orc:2    | Reached XP level 15. HP: 100/100 MP: 15/15
 21526 | Orc:2    | Found Tusu Oph's Weapon Shoppe.
 21526 | Orc:2    | Found Jageogh's Weapon Boutique.
 21559 | Orc:2    | Found Woitora's Magic Scroll Shoppe.
 21559 | Orc:2    | Found Lynwywke's Antique Weapon Boutique.
 21572 | Orc:2    | Bought a glimmering hand crossbow for 170 gold pieces
 21572 | Orc:2    | Identified the +7 hand crossbow of Regicide {penet, rPois}
                  | (You bought it in a shop on level 2 of the Orcish Mines)
 22601 | D:12     | Reached skill level 1 in Crossbows
 22907 | D:12     | Found a radiant altar of Vehumet.
 23581 | D:12     | Noticed Nessos
 23593 | D:12     | Killed Nessos
 24398 | D:13     | Found Qebughih's Antique Armour Shop.
 24406 | D:13     | Bought a pair of runed boots for 277 gold pieces
 24857 | D:13     | Reached skill level 5 in Crossbows
 25003 | D:13     | Found a burning altar of Makhleb.
 25861 | D:14     | Reached skill level 15 in Maces & Flails
 26645 | D:14     | Received a gift from Trog
 26762 | D:14     | Found a gate to the Vaults.
 26977 | D:15     | Entered Level 15 of the Dungeon
 27042 | D:15     | Reached XP level 16. HP: 40/107 MP: 16/16
 27089 | D:15     | Found a flickering gateway to a bazaar.
 27098 | Bazaar   | Entered a bazaar
 27242 | Bazaar   | Found Xetzunk's Armour Shop.
 27255 | Bazaar   | Found Vamid's Magic Scroll Boutique.
 27255 | Bazaar   | Found Wehaaz's Book Shop.
 27281 | Bazaar   | Found Gosuyhio's Distillery.
 27315 | Bazaar   | Bought a scroll of enchant armour for 52 gold pieces
 27315 | Bazaar   | Bought a scroll of enchant weapon for 52 gold pieces
 27395 | D:15     | Acquired a manual of Maces & Flails
 27397 | D:15     | Acquired the ring "Oqueduj" {rF++ Will+ Str-4 Dex+4}
 27585 | D:15     | Paralysed by something for 3 turns
 28236 | D:15     | Found a staircase to the Depths.
 28928 | Spider:1 | Entered Level 1 of the Spider Nest
 29107 | Spider:1 | Acquired a +0 pair of boots of rampaging
 29120 | Spider:1 | Acquired the amulet of Dawn {Acrobat *Slow Fly rPois rC++}
 29133 | Spider:1 | Acquired a +3 great mace of holy wrath
 29172 | Spider:1 | Noticed Nikola
 29192 | Spider:1 | Killed Nikola
 29850 | Spider:1 | Noticed Josephine
 29858 | Spider:1 | Killed Josephine
 30571 | Spider:2 | Noticed Jorgrun
 30589 | Spider:2 | Killed Jorgrun
 30859 | Spider:2 | Reached XP level 17. HP: 86/112 MP: 17/17
 30979 | Spider:2 | Noticed Aizul
 30992 | Spider:2 | Killed Aizul
 31130 | Spider:2 | You are sucked into a shaft and drop 1 floor!
 31346 | Spider:3 | Received a gift from Trog
 31397 | Spider:3 | Reached skill level 15 in Fighting
 32807 | Spider:2 | Noticed Louise
 32819 | Spider:2 | Killed Louise
 33346 | Spider:4 | Entered Level 4 of the Spider Nest
 33350 | Spider:4 | Noticed Roxanne
 33444 | Spider:4 | Noticed Bai Suzhen
 33457 | Spider:4 | Killed Bai Suzhen
 33698 | Spider:4 | Found a runed translucent gate.
 33698 | Spider:4 | Found a runed translucent gate.
 33698 | Spider:4 | Found a runed translucent gate.
 33723 | Spider:4 | Noticed Quebbil's ghost (journeyman GrFi)
 33853 | Spider:4 | Killed Quebbil's ghost
 33871 | Spider:4 | Identified the ring "Inux" {Fly rF+ rC- Will+}
 34092 | Spider:4 | Identified the +8 dire flail "Qocuj" {flame, +Blink rC+
                  | Str+3} (Trog gifted it to you on level 4 of the Spider
                  | Nest)
 34092 | Spider:4 | Received a gift from Trog
 34475 | Spider:4 | Reached skill level 15 in Armour
 34485 | Spider:4 | Got a gossamer rune of Zot
 35064 | Shoals:1 | Entered Level 1 of the Shoals
 35110 | Shoals:1 | Reached XP level 18. HP: 104/120 MP: 18/18
 35576 | Shoals:1 | Found Wepsucek's Jewellery Shop.
 36661 | Shoals:2 | HP: 9/183 [tentacle[a kraken] (17)]
 37118 | Shoals:2 | Received a gift from Trog
 38265 | Shoals:3 | Found a runed translucent gate.
 38265 | Shoals:3 | Found a runed translucent gate.
 38965 | Shoals:3 | Found a runed translucent gate.
 38974 | Shoals:3 | Noticed cobaltphoenix's ghost (adept DrVM)
 39001 | Shoals:3 | Killed cobaltphoenix's ghost
 39242 | Shoals:4 | Entered Level 4 of the Shoals
 40275 | Shoals:4 | Got a barnacled rune of Zot
 40494 | Shoals:4 | Reached XP level 19. HP: 115/128 MP: 19/19
 40723 | Shoals:4 | Found a runed translucent gate.
 40723 | Shoals:4 | Found a runed translucent gate.
 40723 | Shoals:4 | Found a runed translucent gate.
 40725 | Shoals:4 | Noticed haplo13's ghost (adept MiFi)
 40742 | Shoals:4 | Killed haplo13's ghost
 40755 | Shoals:4 | Received a gift from Trog
 41856 | Elf:1    | Entered Level 1 of the Elven Halls
 42278 | Elf:1    | Found Plog's General Store.
 42282 | Elf:1    | Bought a scroll of acquirement for 988 gold pieces
 42282 | Elf:1    | Acquired the amulet of Odecixt {Faith +Blink Regen+}
 42302 | Elf:1    | Found Zorch's Jewellery Shop.
 42388 | Elf:1    | Received a gift from Trog
 42524 | Elf:1    | Found Xoettuig's Weapon Boutique.
 42941 | Elf:1    | Found Igupat's Antique Armour Shoppe.
 42949 | Elf:1    | Bought an encrusted helmet for 304 gold pieces
 42949 | Elf:1    | Identified the +0 helmet of Gallantry {Regen+ Str+10 Int+3
                  | Dex-5 Slay-6} (You bought it in a shop on level 1 of the
                  | Elven Halls)
 42985 | Elf:1    | Found Bisemuek's Jewellery Emporium.
 43211 | Elf:2    | Found a huge runed translucent gate.
 43211 | Elf:2    | Found a huge runed translucent gate.
 43211 | Elf:2    | Found a huge runed translucent gate.
 43211 | Elf:2    | Found a huge runed translucent gate.
 43211 | Elf:2    | Found a huge runed translucent gate.
 43673 | Elf:2    | Received a gift from Trog
 44034 | Elf:2    | Reached XP level 20. HP: 137/137 MP: 20/20
 44223 | Elf:3    | Entered Level 3 of the Elven Halls
 44254 | Elf:3    | Reached ****** piety under Trog
 44254 | Elf:3    | Received a gift from Trog
 44274 | Elf:3    | Found Buseikal's Book Boutique.
 44375 | Elf:3    | Found Feaxote's Assorted Antiques.
 44384 | Elf:3    | Bought a warped steel amulet for 160 gold pieces
 44384 | Elf:3    | Identified the amulet of Rasho {Acrobat rF+ Str+4} (You
                  | bought it in a shop on level 3 of the Elven Halls)
 44487 | Elf:3    | Reached skill level 15 in Dodging
 44496 | Elf:3    | Noticed a Brimstone Fiend
 44543 | Elf:3    | Found the +7 lajatang of Order {silver, rMut}
 44729 | Elf:3    | Found Itosabe's Antique Weapon Emporium.
 45493 | Elf:3    | Identified the +0 ring mail of the Okapi {rC- Regen+ Int+5
                  | SInv}
 45507 | Elf:3    | Received a gift from Trog
 45583 | Elf:3    | Identified the +6 demon trident "Wotearph" {pain, Drain
                  | Dex+6}
 45584 | Elf:3    | Identified the +3 battleaxe of Hubris {pain, rF+ rC+ Str+3
                  | Stlth+}
 45625 | Elf:3    | Identified the Volume of Attacks and Flight
 45640 | Elf:3    | Identified the +5 dagger of Rotten Duty {freeze, rElec
                  | rF+++ Will- Dex+2}
 45656 | Elf:3    | Identified the Handbook of the Hierophant
 45665 | Elf:3    | Identified the +2 ring mail of Grot {rPois Str+5 Int-4}
 45712 | Elf:3    | Found the +3 crown of Dyrovepreva {rElec Int+2 SInv}
 45975 | Vaults:1 | Entered Level 1 of the Vaults
 46067 | Vaults:1 | Found Qos Tait's General Store.
 46078 | Vaults:1 | Bought a scroll of enchant weapon for 157 gold pieces
 46288 | Vaults:1 | Found Ponil's Assorted Antiques.
 46288 | Vaults:1 | Found Entur's Antique Armour Shoppe.
 46303 | Vaults:1 | Bought a translucent cloak for 294 gold pieces
 46303 | Vaults:1 | Identified the +0 cloak of Mijycih {rF++ rC+ rN+ Int-3
                  | Stlth+} (You bought it in a shop on level 1 of the Vaults)
 46333 | Vaults:1 | Bought a brightly glowing plate armour for 868 gold pieces
 46333 | Vaults:1 | Identified the +3 plate armour of Beizic {SInv} (You bought
                  | it in a shop on level 1 of the Vaults)
 46551 | Vaults:1 | Found Giuggieb's Assorted Antiques.
 46846 | Vaults:1 | Identified the amulet "Hais" {rPois Regen+ Dex+7}
 47098 | Vaults:1 | Found Dainyuru's Antique Armour Shoppe.
 47104 | Vaults:1 | Bought a pair of runed gloves for 210 gold pieces
 47379 | Vaults:2 | Reached XP level 21. HP: 126/144 MP: 21/21
 47452 | Vaults:2 | Received a gift from Trog
 47893 | Vaults:2 | Found a staircase to the Crypt.
 48112 | Vaults:2 | Found Wuoc Rak's Distillery.
 48234 | Vaults:2 | Received a gift from Trog
 49189 | Vaults:3 | Received a gift from Trog
 50149 | Vaults:3 | Reached XP level 22. HP: 141/153 MP: 22/22
 50710 | Vaults:4 | Received a gift from Trog
 50918 | Vaults:4 | Found a ruined gateway.
 50929 | Desolati | Entered the Desolation of Salt
 51075 | Desolati | Identified the ring of the Solstice {Wiz rElec Dex+5
                  | Stlth-}
 51116 | Desolati | Received a gift from Trog
 51157 | Desolati | Identified the ring of Tintoes {Ice Int-3 Dex+2 Stlth+}
 51227 | Desolati | Identified the amulet of Beauty {RegenMP rElec rPois rC+}
 51277 | Desolati | Identified the ring "Mierr" {rPois rN+ rCorr Str+7 Dex-4}
 51912 | Vaults:4 | Received a gift from Trog
 52288 | Vaults:4 | Reached XP level 23. HP: 121/161 MP: 23/23
 52901 | Depths:1 | Entered Level 1 of the Depths
 52932 | Depths:1 | Found Omumyq's Armour Emporium.
 52935 | Depths:1 | Found Unacisos's Jewellery Shoppe.
 52935 | Depths:1 | Found Myokiecs's General Store.
 52943 | Depths:1 | Found Yluoryju's Armour Shoppe.
 53208 | Depths:1 | Received a gift from Trog
 53390 | Depths:1 | Found an ornate altar of the Wu Jian Council.
 53684 | Depths:1 | Found a gateway to Hell.
 54344 | Depths:2 | Received a gift from Trog
 54378 | Depths:2 | Noticed the Enchantress
 54390 | Depths:2 | Killed the Enchantress
 54455 | Depths:2 | Found Kusoud's Weapon Shoppe.
 54492 | Depths:2 | Found a gateway to a ziggurat.
 54703 | Depths:2 | Found a hazy altar of Hepliaklqana.
 54744 | Depths:2 | Found a one-way gate to the infinite horrors of the Abyss.
 55258 | Depths:3 | Noticed Xtahua
 55261 | Depths:3 | Paralysed by Xtahua for 4 turns
 55270 | Depths:3 | Noticed a caustic shrike
 55274 | Depths:3 | Killed Xtahua
 55280 | Depths:3 | Killed a caustic shrike
 55281 | Depths:3 | Reached XP level 24. HP: 149/172 MP: 23/23
 55625 | Depths:3 | Identified the +2 quarterstaff of the Pyrrhic Victory
                  | {flame, rN+} (Trog gifted it to you on level 3 of the
                  | Depths)
 55625 | Depths:3 | Received a gift from Trog
 55630 | Depths:3 | Paralysed by something for 3 turns
 55860 | Depths:3 | Noticed a caustic shrike
 55860 | Depths:3 | Noticed a juggernaut
 55865 | Depths:3 | Killed a caustic shrike
 55876 | Depths:3 | Killed a juggernaut
 56157 | Depths:3 | Found a one-way gate leading to the halls of Pandemonium.
 56971 | Depths:4 | Paralysed by a floating eye for 4 turns
 57642 | Depths:5 | Entered Level 5 of the Depths
 57928 | Depths:5 | Received a gift from Trog
 58059 | Depths:5 | Found a blossoming altar of Fedhas.
 58241 | Depths:5 | Noticed a juggernaut
 58250 | Depths:5 | Killed a juggernaut
 58578 | Depths:5 | Reached XP level 25. HP: 155/180 MP: 23/23
 58740 | Depths:5 | Found a gate to the Realm of Zot.
 58831 | Depths:5 | Noticed Sojobo
 58864 | Depths:5 | Killed Sojobo
 58882 | Depths:4 | Received a gift from Trog
 59092 | Depths:4 | Voluntarily entered the Abyss.
 59812 | Abyss:2  | Received a gift from Trog
 59892 | Abyss:2  | Found a corrupted altar of Lugonu.
 60064 | Abyss:3  | Found a corrupted altar of Lugonu.
 60064 | Abyss:3  | Found a corrupted altar of Lugonu.
 60285 | Abyss:3  | Identified the +4 hunting sling of Vommuomnau {venom, Int+5
                  | Stlth+}
 60396 | Abyss:3  | Identified the +12 morningstar of Johoroot {vorpal, +Rage
                  | rC+ Will+ Dex+4} (Trog gifted it to you on level 3 of the
                  | Abyss)
 60396 | Abyss:3  | Received a gift from Trog
 60480 | Abyss:3  | Found a snail-covered altar of Cheibriados.
 60497 | Abyss:3  | Found a snail-covered altar of Cheibriados.
 60671 | Abyss:3  | Got an abyssal rune of Zot
 60709 | Depths:4 | Escaped the Abyss
 60848 | Zot:1    | Entered Level 1 of the Realm of Zot
 61132 | Zot:1    | Reached XP level 26. HP: 134/188 MP: 23/23
 61743 | Zot:1    | Noticed an orb of fire
 61744 | Zot:1    | Gained mutation: You are weak. (Str -2) [an orb of fire]
 61746 | Zot:1    | Gained mutation: You sometimes lose the ability to read
                  | scrolls when taking damage. [an orb of fire]
 61764 | Zot:1    | Killed an orb of fire
 61800 | Zot:1    | Lost mutation: You are weak. (Str -2) [potion of mutation]
 61800 | Zot:1    | Lost mutation: You sometimes lose the ability to read
                  | scrolls when taking damage. [potion of mutation]
 61800 | Zot:1    | Gained mutation: You are partially covered in iridescent
                  | scales. (AC +2) [potion of mutation]
 61800 | Zot:1    | Gained mutation: You evolve. [potion of mutation]
 61800 | Zot:1    | Gained mutation: You are agile. (Dex +2) [potion of
                  | mutation]
 61800 | Zot:1    | Gained mutation: You are mostly covered in iridescent
                  | scales. (AC +4) [potion of mutation]
 61818 | Zot:1    | Lost mutation: You evolve. [evolution]
 62476 | Zot:2    | Noticed an orb of fire
 62486 | Zot:2    | Gained mutation: You are weak. (Str -2) [an orb of fire]
 62493 | Zot:2    | Killed an orb of fire
 62552 | Zot:2    | Found an opulent altar of Gozag.
 62782 | Zot:2    | Received a gift from Trog
 62984 | Zot:2    | Noticed a Killer Klown
 63163 | Zot:2    | Killed a Killer Klown
 64003 | Zot:3    | Reached XP level 27. HP: 190/193 MP: 23/23
 64063 | Zot:3    | Received a gift from Trog
 64461 | Zot:3    | Reached skill level 27 in Maces & Flails
 64483 | Zot:3    | You are sucked into a shaft and drop 1 floor!
 65060 | Zot:3    | Received a gift from Trog
 66351 | Zot:5    | Entered Level 5 of the Realm of Zot
 66919 | Zot:5    | Reached skill level 10 in Evocations
 67352 | Zot:5    | Noticed a dread lich
 67352 | Zot:5    | Noticed a dread lich
 67362 | Zot:5    | Paralysed by a dread lich for 5 turns
 67383 | Zot:5    | Killed a dread lich
 67474 | Zot:5    | Noticed an ancient lich
 67480 | Zot:5    | Killed an ancient lich
 67485 | Zot:5    | Noticed an ancient lich
 67486 | Zot:5    | Noticed an orb of fire
 67508 | Zot:5    | Killed an orb of fire
 67519 | Zot:5    | Killed an ancient lich
 67520 | Zot:5    | Reached skill level 27 in Fighting
 67586 | Zot:5    | Noticed an ancient lich
 67593 | Zot:5    | Killed an ancient lich
 67727 | Zot:5    | Received a gift from Trog
 67738 | Zot:5    | Noticed an orb of fire
 67751 | Zot:5    | Killed an orb of fire
 67817 | Zot:5    | Noticed a dread lich
 67822 | Zot:5    | Noticed an ancient lich
 67827 | Zot:5    | Killed a dread lich
 67831 | Zot:5    | Noticed an orb of fire
 67834 | Zot:5    | Killed an ancient lich
 67874 | Zot:5    | Noticed an ancient lich
 68027 | Zot:5    | Killed an ancient lich
 68198 | Zot:5    | Got the Orb of Zot
 68233 | Zot:5    | Gained mutation: You are dopey. (Int -2) [an orb of fire]
 68236 | Zot:5    | Killed an orb of fire
 68249 | Zot:5    | Noticed a seraph
 68257 | Zot:5    | Slain by a seraph

Illustrated notes

Levels and vault maps discovered:
D:1:      scummos_arrival_forest, layout_loops_ring, serial_shops, shop,
          supply_closet_lemuel, kennysheep_flooded_box, hex_large
D:2:      layout_loops_ring
D:3:      layout_loops_ring, nicolae_sif_muna_condensation,
          basic_ecumenical_altar, hangedman_decor_points,
          minmay_fractal_squares_diagonal_5
D:4:      layout_loops_ring, okawaru_metal_pillars_1_2,
          minmay_overflow_temple_star_quad, serial_shops, shop_fountains,
          sigmund_edmund_badplayer
D:5:      layout_layer_cave, serial_shops, nicolae_shop_behind_doors
D:6:      layout_cave_pools
D:7:      layout_loops_ring, minmay_temple_entry_crystal_x, minmay_bent
D:8:      layout_loops_ring, uniq_grum, uniq_psyche
D:9:      layout_irregular_city, lemuel_tele_altar, kennysheep_boxes,
          uniq_harold
D:10:     layout_cave_pods, minmay_misc_feat_rugged
D:11:     layout_loops_corners, erik_lair_orcish_takeover, zombieorc1_lemuel,
          minmay_misc_feat_plants
D:12:     layout_basic, fiery_altar_vehumet, uniq_nessos
D:13:     layout_gridville, serial_shops, shop, david_defended_altar_orc
D:14:     layout_basic, david_vaults_1, small_statue_alley_a,
          minmay_more_statues
D:15:     gammafunk_enter_depths_forms, layout_irregular_city, serial_shops,
          bzr_entry_dummy, serial_park_tiny_pond
Lair:1:   layout_roguey, hellmonk_ghost_happy_afterlife
Lair:2:   layout_hall_layers, spider_nest_entry_web_field, uniq_sonja
Lair:3:   layout_cave_pods, lemuel_fruit_tree
Lair:4:   layout_concentric_octagons, minmay_shoals_entry_hut, minivault_11,
          patterned_corridor
Lair:5:   cheibrodos_magma_flow, layout_regular_city, infiniplex_staircase_pool
Lair:6:   minmay_lair_end_enchanted_forest, layout_layer_cave, slime_altar_1,
          chequers_serial_rivers_small_b, serial_bayou_shore_b
Shoals:1: layout_shoals, serial_shops, nicolae_shop_statue_plus,
          nicolae_shoals_loop_pool
Shoals:2: layout_shoals
Shoals:3: layout_shoals, gammafunk_ghost_necromancy, shoals_oasis
Shoals:4: shoals_end_simple, layout_shoals, gammafunk_ghost_split
Spider:1: layout_chambers, uniq_josephine, uniq_nikola
Spider:2: layout_spider_delve, uniq_aizul, uniq_louise, uniq_jorgrun
Spider:3: layout_chambers, beargit_elvish_explorers
Spider:4: spider_rune_water, gammafunk_ghost_necromancy, drop_trap,
          nicolae_spider_webs_and_nodes, nicolae_spider_eight_legs,
          uniq_roxanne, uniq_bai_suzhen
Orc:1:    layout_diamond_mine, serial_shops, nicolae_shop_waterfront,
          shop_coins, uniq_erolcha
Orc:2:    grunt_orc_tribal_feast, layout_caves
Elf:1:    layout_onion_city, serial_shops, nicolae_shop_waterfront,
          nicolae_shop_statue_plus, shop, shop, nicolae_shop_crystal,
          minmay_elf_necromancy
Elf:2:    layout_geoelf_octagon
Elf:3:    elf_hall, layout_loops_cross, serial_aquarium,
          aquarium_bridge_straight [aquarium_subvault_bridge,
          aquarium_subvault_window, aquarium_subvault_bridge,
          aquarium_subvault_window], aquarium_window_1, aquarium_window_fake,
          aquarium_view_2e, aquarium_view_2g, aquarium_balcony_double_4,
          serial_shops, nicolae_shop_temple_entry_statues_fountains,
          nicolae_shop_crystal, nicolae_shop_trees
Vaults:1: v_misc_17, nicolae_vaults_little_ls, hangedman_vaults_variations,
          dpeg_vaults_monster_row, hangedman_vaults_cutoff,
          vaults_mumra_hexcomb, v_alt_pattern_4, vaults_mumra_minichess,
          vaults_room_stairs_pillars, dpeg_vaults_monster_box,
          nicolae_vaults_circle_grid_b, nicolae_vaults_hallways_thing,
          vaults_room_pools, v_misc_22, v_misc_19, v_misc_17,
          layout_vaults_omnibox, serial_shops, shop, nicolae_shop_waterfront,
          shop, shop, nicolae_shop_overgrown_old_shop
Vaults:2: nicolae_vaults_three_branches, vaults_dpeg_ring, special_room_vaults
          [special_room_orc], v_rooms_1, minmay_crypt_entry_simple_statues,
          v_misc_25, nicolae_vaults_back_hallway, v_misc_12,
          nicolae_vaults_twisting_passages, vaults_room_pool,
          grunt_vaults_hallway_short, nicolae_vaults_little_squares_6,
          v_alt_pattern_5, grunt_vaults_hallway_long,
          ontoclasm_vaults_decontamination, layout_vaults_maze_bifur,
          serial_shops, shop
Vaults:3: nicolae_vaults_little_squares_6, hangedman_vaults_maws,
          nicolae_vaults_stairing_the_circle, vaults_room_ringed_pool,
          st_octagons_1, vaults_room_fancy_cross, nicolae_vaults_puzzle_piece,
          nicolae_vaults_little_squares_5, nicolae_vaults_angled_halls,
          v_alt_pattern_4, ontoclasm_vaults_spin, layout_vaults_omnigrid
Vaults:4: grunt_vaults_bifocal, nicolae_vaults_border_crossing,
          ontoclasm_vaults_gateway, vaults_mumra_chevron, ontoclasm_vaults_eye,
          vaults_mumra_bighexcomb, v_misc_9, hangedman_vaults_impose, v_misc_17,
          layout_vaults_ring, portal_desolation_entry_salt
Depths:1: layout_basic, hell_entry, minmay_misc_feat_tower, nrook_uturn,
          nicolae_wu_jian_wuxing_cycle, minmay_shoptagon, serial_bayou_shore_a,
          infiniplex_staircase_pool_lava
Depths:2: hangedman_surveillance_ring, layout_twisted_cross, enter_ziggurat_b,
          serial_shops, nicolae_shop_statue_plus, serial_bayou_ford_a,
          abyss_entry, lightli_too_deep, nzn_hepliaklqana_mist_gate,
          minmay_staircase_statues_hall_large, uniq_enchantress
Depths:3: minmay_swirls_squares, layout_basic, hell_entry,
          rand_demon_pan_entry_9, serial_rivers, chequers_serial_rivers_micro_b,
          chequers_serial_rivers_micro_a, chequers_serial_rivers_micro_e,
          chequers_serial_rivers_micro_b, chequers_serial_rivers_room_b,
          minmay_staircase_statues_hall_small, uniq_xtahua
Depths:4: minmay_the_grid_triangle_9x9_rhombus_thin_mashed
          [minmay_the_grid_triangle_9x9_sparse_checkered,
          minmay_the_grid_triangle_9x9_prize_insulated,
          minmay_the_grid_triangle_9x9_dagger,
          minmay_the_grid_triangle_9x9_corruption], layout_cave_shapes,
          hellmouth_1, abyss_entry_small_statue_room, reverse_door_vault,
          firewood_loft, infiniplex_staircase_hallway_doors
Depths:5: grunt_zot_entry_hairpin, layout_basic, grunt_hell_entry_dis_old,
          grunt_decor_junction, pan_entry, fedhas_altar_4, uniq_sojobo
Zot:1:    layout_basic, grunt_megastairs_2
Zot:2:    grunt_twist_and_shout, layout_concentric_octagons, basic_altar,
          zot_minivault_2
Zot:3:    layout_basic, grunt_megastairs_1
Zot:4:    layout_concentric_octagons
Zot:5:    layout_gridlike

Skill      XL: |  1  2  3  4  5  6  7  8  9 10 11 12 13 14 15 16 17 18 19 20 21 22 23 24 25 26 27 |
---------------+----------------------------------------------------------------------------------+-----
Maces & Flails | 4 5 7 8 10 11 13 14 15 19 20 21 22 24 26 27 | 27.0
Armour         | 3 4 5 6 7 9 12 13 15 16 17 18 19 20 22 | 22.1
Fighting       | 4 5 7 8 9 10 11 13 14 16 17 18 19 20 21 23 24 25 27 | 27.0
Dodging        | 2 5 8 11 12 13 14 15 16 17 18 | 18.4
Evocations     | 5 6 11 | 11.1
Crossbows      | 7 8 |  8.8

Action                   |  1- 3 |  4- 6 |  7- 9 | 10-12 | 13-15 | 16-18 | 19-21 | 22-24 | 25-27 || total
-------------------------+-------+-------+-------+-------+-------+-------+-------+-------+-------++-------
Melee: Mace              |   111 |    78 |    44 |       |       |       |       |       |       ||   233
       Dire flail        |       |       |   195 |   570 |  1260 |       |       |       |       ||  2025
       Great mace        |       |       |       |       |   133 |  1171 |  1190 |  1231 |   894 ||  4619
       Lajatang          |       |       |       |       |       |       |    11 |   109 |   708 ||   828
 Fire: Hand crossbow     |       |       |       |       |     5 |    15 |    17 |       |       ||    37
Throw: Dart              |    13 |    12 |     5 |     6 |       |       |       |       |       ||    36
Invok: Berserk           |     6 |     4 |     6 |    20 |    19 |    15 |    13 |    18 |    17 ||   118
       Trog's Hand       |       |       |     2 |     1 |     8 |     5 |     9 |     4 |     5 ||    34
       Brothers in Arms  |       |       |       |     2 |    12 |    13 |    14 |    14 |    10 ||    65
Evoke: Wand              |       |       |       |     1 |     2 |     1 |       |       |       ||     4
       Condenser vane    |       |       |       |       |       |       |       |       |     2 ||     2
  Use: Scroll            |     2 |     4 |     5 |       |    17 |    19 |    14 |     4 |    13 ||    78
       Potion            |       |       |       |       |     3 |     1 |     7 |     2 |     9 ||    22
 Stab: Sleeping          |       |     2 |       |       |       |       |       |       |       ||     2
       Distracted        |       |       |       |       |     1 |     1 |       |     1 |     1 ||     4
       Paralysed         |       |       |       |       |     5 |       |       |       |       ||     5
       Invisible         |       |       |       |       |       |     4 |       |       |       ||     4
       Held in net/web   |       |       |       |       |       |     4 |       |       |       ||     4
Armor: Animal skin       |    37 |     4 |       |       |       |       |       |       |       ||    41
       Leather armour    |       |    21 |     3 |       |       |       |       |       |       ||    24
       Chain mail        |       |       |   157 |   255 |       |       |       |       |       ||   412
       Plate armour      |       |       |       |    84 |   962 |  1017 |   804 |  1008 |  1415 ||  5290
Dodge: Dodged            |    68 |    51 |   100 |   206 |   618 |   695 |   558 |   660 |   971 ||  3927

Table legend: (Time is in decaauts)
 A = Elapsed time spent in this place.
 B = Non-inter-level travel time spent in this place.
 C = Inter-level travel time spent in this place.
 D = Time resting spent in this place.
 E = Time spent auto-exploring this place.
 F = Levels seen in this place.
 G = Mean time per level.
                   A        B        C        D        E       F      G
               +--------+--------+--------+--------+--------+-----+--------+
         Total |  67014 |  62671 |   4343 |   9412 |  41680 |  53 | 1264.4 |
       Dungeon |  19209 |  17219 |   1990 |   2645 |  12062 |  15 | 1280.6 |
          Lair |   7627 |   7030 |    597 |    609 |   5422 |   6 | 1271.2 |
        Shoals |   6526 |   6334 |    192 |   2137 |   3346 |   4 | 1631.5 |
   Spider Nest |   5956 |   5685 |    271 |    655 |   4245 |   4 | 1489.0 |
  Orcish Mines |   2083 |   1927 |    156 |    751 |    784 |   2 | 1041.5 |
   Elven Halls |   3889 |   3678 |    211 |    242 |   2456 |   3 | 1296.3 |
        Vaults |   5808 |   5492 |    316 |    502 |   3780 |   4 | 1452.0 |
        Depths |   6144 |   5829 |    315 |    444 |   4145 |   5 | 1228.8 |
           Zot |   7153 |   6860 |    293 |   1236 |   4106 |   5 | 1430.6 |
         Abyss |   1503 |   1503 |      0 |     80 |    768 |   3 |  501.0 |
        Bazaar |    232 |    232 |      0 |      0 |    194 |   1 |  232.0 |
    Desolation |    880 |    880 |      0 |    105 |    370 |   1 |  880.0 |
               +--------+--------+--------+--------+--------+-----+--------+

Top non-repeatable levels by time:
    D:11: 2294 daAuts
  Lair:6: 2129 daAuts
Shoals:2: 2030 daAuts
Shoals:4: 1837 daAuts
Spider:1: 1837 daAuts
   Zot:2: 1785 daAuts
Vaults:3: 1753 daAuts
    D:14: 1712 daAuts
   Zot:5: 1623 daAuts
    D:15: 1619 daAuts
Spider:3: 1611 daAuts
     D:5: 1571 daAuts
   Zot:3: 1558 daAuts
Shoals:3: 1543 daAuts
   Elf:3: 1536 daAuts
